 Dungeon Crawl Stone Soup version 0.31-a0-523-g071a6c1ffa (webtiles) character file.

Game seed: 90707594527038925

221 Ethylacetat the Ducker (level 5, -1/36 HPs)
             Began as an Octopode Gladiator on Aug 10, 2023.
             Succumbed to an adder's poison
             ... on level 3 of the Dungeon.
             The game lasted 00:03:19 (1339 turns).

Ethylacetat the Ducker (Octopode Gladiator)         Turns: 1339, Time: 00:03:20

Health: -1/36      AC:  1    Str: 14    XL:     5   Next: 98%
Magic:  5/5        EV: 14    Int: 10    God:
Gold:   70         SH:  0    Dex: 15    Spells: 4/4 levels left

rFire   . . .        n - +2 dagger (venom)
rCold   . . .        (no shield)
rNeg    . . .        b - +0 hat
rPois   .            (no amulet)
rElec   .            (no ring)
rCorr   .            (no ring)
SInv    .            (no ring)
Will    .....        (no ring)
Stlth   +++          (no ring)
HPRegen 0.26/turn    (no ring)
MPRegen 0.09/turn    (no ring)
                     (no ring)

%: no passive effects
@: lethally poisoned (-1 -> -6)
A: almost no armour, amphibious, 8 rings, camouflage 1, gelatinous body 1,
(nimble swimmer 1), tentacles
a: no special abilities


You were on level 3 of the Dungeon.
You visited 1 branch of the dungeon, and saw 3 of its levels.

You collected 70 gold pieces.

Inventory:

Hand Weapons
 a - a +0 long sword
 n - a +2 dagger of venom (weapon)
Missiles
 c - 4 throwing nets (quivered)
 d - a javelin
Armour
 b - a +0 hat (worn)
Talismans
 l - a storm talisman
Wands
 i - a wand of digging (1)
Scrolls
 e - a scroll of vulnerability {unknown}
 f - a scroll of noise {unknown}
 g - a scroll of silence {unknown}
 h - a scroll of amnesia {unknown}
 j - 4 scrolls of identify {unknown}
 k - a scroll of poison {unknown}


   Skills:
 + Level 3.1 Fighting
 - Level 3.3 Long Blades
 - Level 2.0 Throwing
 + Level 3.9 Dodging
 + Level 3.2 Stealth
 + Level 1.5 Unarmed Combat
 * Level 2.0 Shapeshifting


You had 4 spell levels left.
You didn't know any spells.
Your spell library was empty.

Dungeon Overview and Level Annotations

Branches:
Dungeon (3/15)

Altars:


Innate Abilities, Weirdness & Mutations

You cannot wear most types of armour.
You are amphibious.
You can wear up to eight rings at the same time.
Your skin changes colour to match your surroundings (Stealth+).
Your rubbery body absorbs attacks. (AC +1, EV +1)
((You are camouflaged when in or above water. (Stealth+)))
You have tentacles for arms and can constrict up to eight enemies at once.


Message History

The phantom completely misses you.
You hit the phantom.
The phantom is moderately damaged.
The phantom hits you.
You hit the phantom.
The phantom is heavily damaged.
The phantom barely misses you.
You closely miss the phantom.
The phantom is heavily damaged.
The phantom hits you.
You hit the phantom but do no damage. Your squeeze misses the phantom.
The phantom is heavily damaged.
The adder misses you. The phantom hits you.
The phantom attacks as you move away! The phantom closely misses you.
The adder attacks as you move away! The adder misses you.
The adder attacks as you move away! The adder bites you.
You are poisoned.
The adder poisons you!
You feel sick. The adder misses you. The adder attacks as you move away!
The adder bites you.
You are more poisoned.
The adder poisons you!
You feel sick.
You barely miss the adder. Your grab misses the adder.
You feel sick. The adder completely misses you.
You hit the adder.
The adder is poisoned.
Your grab misses the adder.
The adder is moderately wounded.
You feel sick. The adder bites you but does no damage.
You hit the adder. You grab the adder. You squeeze the adder.
The adder is severely wounded.
You constrict the adder.
You feel sick. The adder bites you.
* * * LOW HITPOINT WARNING * * *
You are more poisoned.
The adder poisons you!
You hit the adder.
You kill the adder!
You feel sick.
You aren't carrying any potions.
You aren't carrying any potions.
The phantom attacks as you move away! The phantom hits you!
* * * LOW HITPOINT WARNING * * *
You die...

#.JS........ #<.##++##... #####
##ยง# #... #..<# ###### #..# #.##
####...# .... ##o# #.#
##......####..#####.# #.#
##..........#..# ...J######.#
####...........#..###..........##
...........##...@.W.#............
........##...#..###o...#.....####
........####.....<..............#
#######.## #.....####.>###.......
#..###.....# .)...##.......
##..##....)# ...........##.
##..#.....# ...........###
##.#...).# ...........##.
...###.###.####........#.....


You could see a phantom and an orc.

Vanquished Creatures
  The ghost of Ethylacetat the Ducker, an amateur OpGl (D:3)
  10 adders
  A worm (D:2)
  A dart slug (D:1)
  2 orcs (D:3)
  4 endoplasms
  2 giant cockroaches (D:2)
  3 goblins
  8 hobgoblins
  4 jackals (D:1)
  2 quokkas
  3 ball pythons
  3 bats
  5 frilled lizards (D:2)
  3 kobolds
  2 rats
54 creatures vanquished.

Notes
Turn   | Place    | Note
-------+----------+-------------------------------------------
     0 | D:1      | Ethylacetat the Octopode Gladiator began the quest for the
                  | Orb.
     0 | D:1      | Reached XP level 1. HP: 14/14 MP: 1/1
    22 | D:1      | Reached skill level 1 in Stealth
    22 | D:1      | Reached XP level 2. HP: 12/19 MP: 2/2
   169 | D:1      | You fall into a shaft and drop 1 floor!
   311 | D:2      | Reached XP level 3. HP: 19/25 MP: 3/3
   844 | D:2      | Reached XP level 4. HP: 30/30 MP: 4/4
   860 | D:2      | HP: 1/30 [endoplasm (2)]
   985 | D:2      | Reached skill level 1 in Shapeshifting
  1190 | D:3      | Found a runed translucent door.
  1195 | D:3      | Noticed Ethylacetat's ghost (amateur OpGl)
  1203 | D:3      | Reached skill level 1 in Unarmed Combat
  1203 | D:3      | Reached XP level 5. HP: 25/36 MP: 5/5
  1208 | D:3      | Killed Ethylacetat's ghost
  1311 | D:3      | Noticed a phantom
  1339 | D:3      | HP: 1/36 [phantom (8)]
  1339 | D:3      | Succumbed to an adder's poison

Illustrated notes

Levels and vault maps discovered:
D:1:      scummos_arrival_star, layout_rooms, serial_bayou_pond_d,
          interstate_on_off
D:2:      minmay_diamond_boxcup, layout_loops_ring
D:3:      layout_rooms, nicolae_ru_great_annihilating_truth, old_standard_altar,
          general_overflow_altar, ebering_ghost_sewer_d, bh_walls_and_bars

Skill      XL: |  1  2  3  4  5 |
---------------+----------------+-----
Stealth        | 1 2 3 |  3.2
Shapeshifting  | 1 2 |  2.0
Unarmed Combat | 1 |  1.5
Fighting       | 3 |  3.1
Long Blades    | |  3.3
Throwing       | |  2.0
Dodging        | |  3.9

Action                     |  1- 3 |  4- 6 || total
---------------------------+-------+-------++-------
  Melee: Long sword        |    48 |    31 ||    79
         Constrict         |    10 |    11 ||    21
         Tentacles         |     2 |     6 ||     8
         Dagger            |       |    30 ||    30
         Punch             |       |     1 ||     1
  Evoke: Wand              |       |     5 ||     5
    Use: Potion            |       |     1 ||     1
   Stab: Sleeping          |     8 |     9 ||    17
 Armour: Skin              |     1 |     3 ||     4
  Dodge: Dodged            |    26 |    50 ||    76

Table legend: (Time is in decaauts)
 A = Elapsed time spent in this place.
 B = Non-inter-level travel time spent in this place.
 C = Inter-level travel time spent in this place.
 D = Time resting spent in this place.
 E = Time spent auto-exploring this place.
 F = Levels seen in this place.
 G = Mean time per level.
                   A        B        C        D        E       F      G
               +--------+--------+--------+--------+--------+-----+--------+
         Total |   1354 |   1324 |     30 |    115 |    886 |   3 |  451.3 |
       Dungeon |   1354 |   1324 |     30 |    115 |    886 |   3 |  451.3 |
               +--------+--------+--------+--------+--------+-----+--------+

Top non-repeatable levels by time:
     D:2: 947 daAuts
     D:3: 232 daAuts
     D:1: 174 daAuts
